 Dungeon Crawl Stone Soup version 0.29-a0-194-g6e3aafee17 (webtiles) character file.

Game seed: 6053617472106185521

2764 Zeldest the Shield-Bearer (level 9, -4/45 (48) HPs)
             Began as a Vine Stalker Fighter on Feb 22, 2022.
             Was a Priest of Ru.
             Slain by an orc warrior
             ... wielding a +0 glaive
              (10 damage)
             ... in a bailey.
             The game lasted 00:08:46 (5059 turns).

Zeldest the Shield-Bearer (Vine Stalker Fighter)    Turns: 5059, Time: 00:08:47

HP:   -4/45 (48)    AC: 10    Str: 22    XL:     9   Next: 69%
MP:   0/19          EV:  9    Int:  8    God:    Ru [***...]
Gold: 339           SH:  5    Dex: 15    Spells: 8/8 levels left

rFire   . . .      SeeInvis .   a - +0 war axe
rCold   . . .      Faith    .   c - +0 buckler
rNeg    . . .      Spirit   +   y - +1 scale mail {rPois}
rPois   +          Reflect  .   q - +1 helmet
rElec   .          Harm     .   k - scarf {repulsion}
rCorr   .          Rampage  .   (no gloves)
Will    +....                   (no boots)
Stlth   ..........              (no amulet)
HPRegen 0.95/turn               f - ring of magical power
MPRegen 0.16/turn               (no ring)

@: exhausted, drained, repel missiles
A: fangs 3, regeneration 1, magic shield, antimagic bite, no potion heal 2,
inability to use devices, unskilled 1
a: Renounce Religion, Draw Out Power


You were in a bailey.
You worshipped Ru.
Ru was most pleased with you.
You visited 1 branch of the dungeon, and saw 7 of its levels.
You also visited: Bailey.

You collected 339 gold pieces.

Inventory:

Hand Weapons
 a - a +0 war axe (weapon)
Armour
 c - a +0 buckler (worn)
 k - a scarf of repulsion (worn)
 q - a +1 helmet (worn)
 y - a +1 scale mail of poison resistance (worn)
Jewellery
 f - a ring of magical power (left hand)
Scrolls
 b - a scroll of brand weapon {unknown}
 g - a scroll of immolation
 h - a scroll of blinking {unknown}
 m - a scroll of magic mapping
 r - a scroll of holy word {unknown}
 s - a scroll of enchant weapon {unknown}
 u - a scroll of silence
 x - a scroll of enchant armour
 A - a scroll of fear {unknown}
Potions
 d - 2 potions of might
 e - 5 potions of brilliance
 j - 4 potions of haste
 l - 3 potions of curing
 n - 2 potions of magic {unknown}
 o - a potion of mutation {unknown}
 p - a potion of ambrosia {unknown}
 w - a potion of heal wounds {unknown}
 z - a potion of invisibility {unknown}


   Skills:
 + Level 5.9 Fighting
 + Level 5.6 Axes
 + Level 5.4 Armour
 + Level 5.9 Shields


You had 8 spell levels left.
You didn't know any spells.
Your spell library contained the following spells:

 Spells                   Type           Power      Damage    Failure   Level
 Animate Skeleton         Necr           0%         N/A       80%         1
 Apportation              Tloc           0%         N/A       80%         1
 Pain                     Necr           0%         1d4       80%         1
 Dazzling Flash           Conj/Hex       0%         N/A       99%         3
 Gell's Gravitas          Tloc           0%         N/A       99%         3
 Ignite Poison            Fire/Tmut/Pois 0%         N/A       99%         3
 Lesser Beckoning         Tloc           0%         N/A       99%         3
 Mephitic Cloud           Conj/Pois/Air  0%         N/A       99%         3
 Teleport Other           Tloc           0%         N/A       99%         3
 Vampiric Draining        Necr           0%         2d6       99%         3
 Iskenderun's Mystic Bla  Conj/Tloc      0%         2d3       100%        4
 Alistair's Intoxication  Tmut/Pois      0%         N/A       100%        5
 Borgnjor's Vile Clutch   Necr/Erth      0%         N/A       100%        5
 Freezing Cloud           Conj/Ice/Air   0%         6-21      100%        5
 Eringya's Noxious Bog    Tmut/Pois      0%         N/A       100%        6
 Starburst                Conj/Fire      0%         6d3       100%        6


Dungeon Overview and Level Annotations

Branches:
Dungeon (7/15)             Temple (0/1) D:4          Bailey (1/1)

Altars:
Gozag
Ru
Vehumet

Shops:
D:3 (

Annotations:
D:3 3 runed translucent doors, exclusion: statue, popes's ghost, amateur MiFi


Innate Abilities, Weirdness & Mutations

You have razor-sharp teeth.
Your natural rate of healing is unusually fast.
When hurt, damage is shared between your health and your magic reserves.
Your bite disrupts and absorbs the magic of your enemies.
Potions cannot restore your health.
You cannot study or use magical devices.
You are somewhat unskilled. (-1 Apt)


Message History

The orc warrior is lightly wounded.
The orc warrior is stunned by your conviction and fails to attack.
You closely miss the orc warrior. You bite the orc warrior!
You drain its power.
You feel invigorated.
The orc warrior is heavily wounded.
The orc warrior hits you with a +0 glaive!
You hit the orc warrior but do no damage.
Your bite misses the orc warrior.
The orc warrior is heavily wounded.
The orc warrior hits you with a +0 glaive!!
* * * LOW HITPOINT WARNING * * *
You slash the orc warrior! Your bite misses the orc warrior.
The orc warrior is almost dead.
The orc warrior hits you with a +0 glaive!
* * * LOW HITPOINT WARNING * * *
You are restored by drawing out deep reserves of power within.
You feel drained.
The orc warrior hits you but does no damage.
You hit the orc warrior.
You bite the orc warrior, but do no damage.
The orc warrior is almost dead.
The orc warrior closely misses you.
The orc warrior hits you with a +0 glaive!
You closely miss the orc warrior.
You bite the orc warrior, but do no damage.
The orc warrior is almost dead.
The orc warrior hits you with a +0 glaive!
* * * LOW HITPOINT WARNING * * *
You hit the orc warrior but do no damage.
The orc warrior is almost dead.
The orc warrior is stunned by your conviction and fails to attack.
You hit the orc warrior but do no damage.
The orc warrior is almost dead.
The orc warrior hits you with a +0 glaive!
* * * LOW HITPOINT WARNING * * *
The orc warrior misses you.
You hit the orc warrior. Your bite misses the orc warrior.
The orc warrior is almost dead.
The orc warrior hits you with a +0 glaive!
You die...

..≈≈≈≈≈..≈≈.≈.##..# ≈....
≈≈≈...≈≈≈.≈.≈≈.#..#####...≈≈
≈..⌠.⌠..≈.≈≈.≈.#..'......≈≈≈
...∩∩∩..≈....≈.#..'......≈≈≈
≈..⌠.⌠..≈.≈≈.≈.#..'..o...≈≈≈
≈≈≈...≈≈≈.≈.≈≈.#..#####...≈≈
o.≈≈≈≈≈..≈≈.≈.##..# ...
≈≈.....≈≈≈.≈≈.#⌠o.# .
)≈≈≈≈≈≈≈..≈≈..#.@.#
≈.......≈≈≈.⌠.#...#
≈≈≈≈≈≈≈≈≈....##...#
.........#####....#
##########⌠..)....#
.)...))......)...##
......))....)...##
≈≈≈≈≈≈≈≈≈≈≈≈≈≈≈##
################


You could see an orc warrior.

Vanquished Creatures
  A steam dragon (D:6)
  Menkaure (D:5)
  An ice beast (D:6)
  2 black bears
  2 necrophages
  6 orc warriors
  An ogre (D:5)
  3 centaurs (Bailey)
  A phantom (D:6)
  Blork the orc (D:4)
  A wyvern zombie (D:7)
  A gnoll sergeant (D:6)
  2 scorpions
  A water moccasin zombie (D:5)
  A water moccasin skeleton (D:5)
  A centaur zombie (D:5)
  A jelly (D:4)
  4 orc priests (D:6)
  2 hounds
  2 iguanas
  An orc wizard (D:6)
  13 gnolls
  17 adders
  A shadow imp (D:5)
  A white imp (D:6)
  2 worms
  2 dart slugs
  36 orcs
  4 endoplasms
  8 giant cockroaches
  5 goblins
  5 hobgoblins
  8 jackals
  2 kobolds
  4 quokkas
  8 ball pythons
  5 bats
  5 frilled lizards
  A quokka skeleton (D:4)
  5 rats
168 creatures vanquished.

Vanquished Creatures (others)
  An orc warrior (Bailey)
  An orc (D:7)
2 creatures vanquished.

Grand Total: 170 creatures vanquished

Notes
Turn   | Place    | Note
-------+----------+-------------------------------------------
     0 | D:1      | Zeldest the Vine Stalker Fighter began the quest for the
                  | Orb.
     0 | D:1      | Reached XP level 1. HP: 11/11 MP: 2/2
   172 | D:1      | Reached XP level 2. HP: 16/16 MP: 3/3
   284 | D:1      | Found a faded altar of an unknown god.
   975 | D:2      | Reached XP level 3. HP: 20/20 MP: 4/4
  1168 | D:2      | Found a sacrificial altar of Ru.
  1238 | D:2      | Became a worshipper of Ru the Awakened
  1285 | D:2      | Gained mutation: Your natural rate of healing is unusually
                  | fast. [Vine Stalker growth]
  1285 | D:2      | Reached XP level 4. HP: 22/24 MP: 5/5
  1442 | D:2      | Reached XP level 5. HP: 28/28 MP: 6/6
  1781 | D:3      | Found a radiant altar of Vehumet.
  1781 | D:3      | Noticed a frost-covered statue
  2084 | D:3      | Found a runed translucent gate.
  2084 | D:3      | Found a runed translucent gate.
  2084 | D:3      | Found a runed translucent gate.
  2086 | D:3      | Noticed popes's ghost (amateur MiFi)
  2134 | D:3      | Found Anoyzi Mapi's Antique Weapon Shop.
  2293 | D:4      | Reached XP level 6. HP: 20/33 MP: 2/7
  2380 | D:4      | Gained mutation: You cannot study or use magical devices.
                  | [Ru sacrifice]
  2380 | D:4      | Reached * piety under Ru
  2380 | D:4      | Reached ** piety under Ru
  2577 | D:4      | Noticed Blork the orc
  2587 | D:4      | Killed Blork the orc
  2588 | D:4      | Reached XP level 7. HP: 32/37 MP: 6/8
  2757 | D:4      | Found a staircase to the Ecumenical Temple.
  2800 | D:5      | Entered Level 5 of the Dungeon
  3170 | D:5      | Gained mutation: You have razor-sharp teeth. [Vine Stalker
                  | growth]
  3170 | D:5      | Reached XP level 8. HP: 42/42 MP: 9/9
  3434 | D:5      | Reached skill level 5 in Fighting
  3531 | D:5      | Noticed Menkaure
  3535 | D:5      | Killed Menkaure
  3536 | D:5      | Reached skill level 5 in Shields
  3629 | D:6      | Reached skill level 5 in Axes
  3749 | D:6      | Reached skill level 5 in Armour
  3944 | D:6      | Reached XP level 9. HP: 46/48 MP: 10/10
  3945 | D:6      | Identified the +9 flail "Qufo" {vorpal, rC+ MP-9 Int+2}
  4186 | D:6      | Gained mutation: You are somewhat unskilled. (-1 Apt) [Ru
                  | sacrifice]
  4186 | D:6      | Reached *** piety under Ru
  4542 | D:7      | Reached skill level 5 in Armour
  4623 | D:7      | Found an opulent altar of Gozag.
  4680 | D:7      | Found a flagged portal.
  4696 | Bailey   | Entered a bailey
  5059 | Bailey   | Slain by an orc warrior

Illustrated notes

Levels and vault maps discovered:
D:1:      onia_arrival_mini_spirals, layout_loops_ring,
          chequers_ecumenical_altar_lobes, corexii_leaking_fountain
D:2:      layout_loops_ring, basic_altar, minmay_snake_closets
D:3:      layout_basic, vehumet_statue, ebering_ghost_rock_garden, serial_shops,
          nicolae_lakefront_shop
D:4:      layout_rooms, minmay_temple_entry_enclosed_plants, uniq_blork_the_orc
D:5:      layout_basic, lemuel_zombie_altar_yredelemnul, uniq_menkaure
D:6:      layout_basic
D:7:      layout_loops_ring, grunt_gozag_statues, enter_bailey_7, serial_shops,
          nicolae_shop_waterfront, minmay_checkerbox
Bailey:   bailey_polearm_flooded_kennysheep, bailey

Skill      XL: |  1  2  3  4  5  6  7  8  9 |
---------------+----------------------------+-----
Axes           | 2 3 4 5 |  5.6
Fighting       | 3 4 5 |  5.9
Shields        | 3 4 5 |  5.9
Armour         | 3 4 5 5 |  5.4

Action                   |  1- 3 |  4- 6 |  7- 9 || total
-------------------------+-------+-------+-------++-------
Melee: War axe           |    73 |   154 |   279 ||   506
       Bite              |    13 |    32 |   102 ||   147
Invok: Sacrifice Artific |       |     1 |       ||     1
       Draw Out Power    |       |       |     2 ||     2
       Sacrifice Skill   |       |       |     1 ||     1
  Use: Potion            |       |     2 |     1 ||     3
       Scroll            |       |       |     9 ||     9
 Stab: Invisible         |       |       |     5 ||     5
       Distracted        |       |       |     1 ||     1
Armor: Scale mail        |    49 |    78 |   140 ||   267
Dodge: Dodged            |    35 |    83 |   200 ||   318
Block: Buckler           |    18 |    30 |    93 ||   141

Table legend: (Time is in decaauts)
 A = Elapsed time spent in this place.
 B = Non-inter-level travel time spent in this place.
 C = Inter-level travel time spent in this place.
 D = Time resting spent in this place.
 E = Time spent auto-exploring this place.
 F = Levels seen in this place.
 G = Mean time per level.
                   A        B        C        D        E       F      G
               +--------+--------+--------+--------+--------+-----+--------+
         Total |   5234 |   5083 |    151 |    266 |   3209 |   8 |  654.2 |
       Dungeon |   4856 |   4705 |    151 |    186 |   3209 |   7 |  693.7 |
        Bailey |    378 |    378 |      0 |     80 |      0 |   1 |  378.0 |
               +--------+--------+--------+--------+--------+-----+--------+

Top non-repeatable levels by time:
     D:6: 971 daAuts
     D:2: 901 daAuts
     D:1: 814 daAuts
     D:5: 812 daAuts
     D:3: 615 daAuts
     D:4: 565 daAuts
  Bailey: 378 daAuts
     D:7: 175 daAuts
